 Dungeon Crawl Stone Soup version 0.21-a0-633-g4c047d5 (webtiles) character file.

32 Alarkh the Slasher (level 3, 14/29 HPs)
             Began as a Demonspawn Berserker on Dec 28, 2017.
             Was a Follower of Trog.
             Got out of the dungeon alive.
             The game lasted 00:01:12 (1122 turns).

Alarkh the Slasher (Demonspawn Berserker)           Turns: 1122, Time: 00:01:12

Health: 14/29      AC:  3    Str: 20    XL:     3   Next: 10%
Magic:  3/3        EV: 12    Int:  9    God:    Trog [*.....]
Gold:   96         SH:  0    Dex: 12    Spells: 2/2 levels left

rFire    . . .     SeeInvis .   a - +0 falchion
rCold    . . .     Gourm    .   (no shield)
rNeg     . . .     Faith    .   b - +0 animal skin
rPois    .         Spirit   .   (helmet restricted)
rElec    .         Reflect  .   (no cloak)
rCorr    .         Harm     .   e - +0 pair of gloves {Str+3}
MR       .....                  (no boots)
Stlth    +.........             (no amulet)
HPRegen  0.09/turn              i - ring of flight
MPRegen  0.08/turn              (no ring)

@: no status effects
A: antennae 1, powered by pain 1
a: Berserk, Burn Spellbooks, Renounce Religion, Evoke Flight


You escaped.
You worshipped Trog.
Trog was aware of your devotion.
You were not hungry.

You visited 1 branch of the dungeon, and saw 2 of its levels.

You collected 96 gold pieces.

Inventory:

Hand Weapons
 a - a +0 falchion (weapon)
Armour
 b - a +0 animal skin (worn)
 e - a +0 pair of gloves of strength (worn)
Jewellery
 i - a ring of flight (left hand)
Scrolls
 d - a scroll of magic mapping {unknown}
 f - 2 scrolls of teleportation {unknown}
 g - 2 scrolls of amnesia {unknown}
 h - 2 scrolls of random uselessness {unknown}
 k - a scroll of identify {unknown}
Potions
 j - a potion of lignification {unknown}
 l - a potion of might {unknown}
Comestibles
 c - 4 rations


   Skills:
 - Level 3.0 Fighting
 + Level 3.9 Long Blades
 - Level 1.7 Armour
 - Level 1.7 Dodging


You had 2 spell levels left.
You didn't know any spells.

Dungeon Overview and Level Annotations

Branches:
Dungeon (2/15)

Altars:
Nemelex Xobeh


Innate Abilities, Weirdness & Mutations

You have a pair of small antennae on your head.
You sometimes gain a little power by taking damage.


Message History

The hobgoblin hits you.
* * * LOW HITPOINT WARNING * * *
You closely miss the hobgoblin.
The hobgoblin is severely wounded.
The hobgoblin hits you but does no damage.
You hit the hobgoblin.
You kill the hobgoblin!
Trog accepts your kill.
You now have 96 gold pieces (gained 23).
Things that are here:
a leather armour; a hobgoblin corpse You see here 25 arrows.
You see here 23 stones.
There is a stone staircase leading up here.
You climb upwards.
There is a stone staircase leading down here.
You see here a club.
There is a staircase leading out of the dungeon here.
Are you sure you want to leave the Dungeon?
This will make you lose the game!
You have escaped!

#..# #..............#
...# #..........#####
...#####.#.......#
...).........#..####
..>#####.##........#
.).# #.#.......8.####
#### ##.#.......§§§≈≈#
####..........§§§≈≈#
####........8..8@.§≈≈>#
.....##.........§§§§≈≈#
................§..§≈≈#
.................8.####
...................#
.###............#### ##
#..#......####
####......# #......#


There were no monsters in sight!

Vanquished Creatures
  2 worms (D:2)
  2 dart slugs (D:1)
  A leopard gecko (D:1)
  2 giant cockroaches
  3 goblins (D:1)
  5 hobgoblins
  A kobold (D:2)
  A frilled lizard (D:2)
  3 rats
20 creatures vanquished.

Notes
Turn   | Place    | Note
-------+----------+-------------------------------------------
     0 | D:1      | Alarkh the Demonspawn Berserker began the quest for the Orb.
     0 | D:1      | Reached XP level 1. HP: 18/18 MP: 1/1
   227 | D:1      | Gained mutation: You sometimes gain a little power by taking damage. [demonic ancestry]
   227 | D:1      | Reached XP level 2. HP: 24/24 MP: 2/2
   403 | D:1      | Found a sparkling altar of Nemelex Xobeh.
  1039 | D:2      | Gained mutation: You have a pair of small antennae on your head. [demonic ancestry]
  1039 | D:2      | Reached XP level 3. HP: 17/29 MP: 3/3
  1122 | D:$      | Got out of the dungeon alive.

Vault maps used:
D:1:      grunt_arrival_lava_bath, nemelex_diamond_rough_becter
D:2:      minmay_door_path, uniq_robin

Skill      XL: |  1 |
---------------+----+-----
Long Blades    | 3 |  3.9
Fighting       | |  3.0
Armour         | |  1.7
Dodging        | |  1.7

Action                   || total
-------------------------++-------
Melee: Falchion          ||    66
Invok: Berserk           ||     1
  Eat: Chunk             ||     2
Armor: Animal skin       ||    10
Dodge: Dodged            ||    31
       Rpst.: Falchion   ||     8

Table legend:
 A = Spawn XP
 B = Non-spawn XP
 C = Spawn XP percentage of total XP
 D = Spawn monster count
 E = Non-spawn monster count
 F = Spawn count percentage of total count
 G = Total turns spent on level
                    A         B        C        D         E        F      G
               +---------+---------+-------+---------+---------+-------+---------
         Total |       0 |      47 |   0.0 |       0 |      20 |   0.0 |  1122
               +---------+---------+-------+---------+---------+-------+---------
           D:1 |       0 |      28 |   0.0 |       0 |      12 |   0.0 |   569
           D:2 |       0 |      19 |   0.0 |       0 |       8 |   0.0 |   553
               +---------+---------+-------+---------+---------+-------+---------
